Map: Sequencer LE

Players

Optimus

  • Race: Terran Terran
  • Spawn Location: 1:00

Zanster - Winner!

  • Race: Zerg Zerg
  • Spawn Location: 7:00

Event: WCS Valencia 2017

VOD

Have the link to the VOD?

Description

Time

  • Played on: July 13, 2017, 10:26 a.m.
  • Length: 20:09

All games in this series

Show
View Real Time Build Order
Export as new Build Order

Optimus Terran 

Build Orders: Bio Mine 

Get SALT Encoding   

  12  0:00  SCV  
  13  0:13  SCV  
  14  0:20  Supply Depot  
  14  0:25  SCV  
  15  0:42  SCV  
  16  0:43  Barracks  
  16  0:45  Refinery  
  16  0:54  SCV  
  17  1:00  Barracks  
  17  1:06  SCV  
  19  1:18  SCV  
  19  1:30  Orbital Command, Reaper  
  20  1:38  Barracks  
  20  1:47  Refinery  
  20  1:48  Reaper  
  21  1:56  Supply Depot  
  21  1:59  SCV  
  22  2:05  Reaper  
  23  2:17  SCV  
  23  2:20  Reaper  
  25  2:24  Supply Depot  
  25  2:29  SCV  
  26  2:36  Reaper  
  27  2:37  Reaper  
  27  2:41  SCV  
  29  2:54  Command Center  
  29  2:56  Reaper  
  30  3:00  SCV  
  31  3:08  Reaper  
  31  3:09  Reaper  
  33  3:14  SCV  
  34  3:23  Supply Depot  
  34  3:27  SCV  
  35  3:28  Reaper  
  36  3:36  Factory  
  36  3:39  SCV  
  37  3:43  Reaper  
  38  3:49  Refinery, Reaper  
  38  3:51  SCV  
  40  4:03  SCV  
  41  4:15  SCV  
  40  4:20  Starport  
  40  4:21  Reaper  
  40  4:22  Orbital Command  
  40  4:27  SCV, Factory Reactor  
  40  4:28  Refinery  
  41  4:32  Reaper  
  41  4:39  SCV  
  41  4:50  SCV, Reaper  
  41  4:51  SCV  
  43  4:53  Reaper  
  44  5:02  SCV  
  44  5:03  SCV, Supply Depot  
  44  5:04  Reaper  
  47  5:12  Medivac  
  49  5:16  Command Center  
  49  5:18  SCV  
  50  5:23  Barracks Tech Lab  
  50  5:25  Reaper  
  50  5:27  Factory Reactor  
  52  5:30  Barracks, Medivac  
  52  5:31  SCV, Barracks  
  52  5:32  SCV  
  55  5:42  Barracks Reactor  
  57  5:43  SCV  
  57  5:45  Marine  
  57  5:46  Stimpack  
  57  5:50  SCV, Engineering Bay  
  57  5:51  Engineering Bay  
  57  5:55  SCV  
  59  5:58  Barracks Reactor  
  59  6:03  SCV, Marine  
  61  6:08  SCV  
  62  6:15  SCV, Factory Reactor  
  62  6:18  Terran Infantry Weapons Level 1  
  63  6:19  Terran Infantry Armor Level 1  
  63  6:20  SCV  
  63  6:21  Marine  
  63  6:25  Barracks Reactor  
  65  6:27  SCV, Marine  
  65  6:31  Orbital Command  
  67  6:36  Marine x3  
  67  6:37  SCV  
  67  6:39  Marine  
  72  6:45  Marine x3  
  75  6:47  SCV  
  75  6:54  Marine x2  
  76  6:58  SCV x2, Barracks x2  
  81  7:04  Marine x6  
  81  7:07  Widow Mine  
  85  7:12  Medivac x2, Widow Mine  
  85  7:13  SCV  
  93  7:18  Marine  
  93  7:23  Marine  
  93  7:25  Supply Depot  
  93  7:26  Supply Depot  
  93  7:28  Armory  
  93  7:35  Factory  
  93  7:46  Marine x2, Widow Mine x2  
  93  7:47  SCV x3, Marine x2  
  93  7:49  Combat Shields  
  104  7:54  Barracks Tech Lab x2  
  104  7:56  Supply Depot  
  104  7:59  SCV x3  
  104  8:05  Marine x2  
  107  8:07  Marine  
  109  8:13  Supply Depot  
  109  8:14  Supply Depot  
  109  8:17  Marine x2, SCV x3  
  109  8:18  Supply Depot  
  114  8:22  Terran Infantry Armor Level 2, Terran Infantry Weapons Level 2  
  114  8:27  Widow Mine  
  114  8:28  Factory Tech Lab  
  114  8:29  SCV  
  117  8:34  SCV  
  117  8:35  SCV, Widow Mine  
  117  8:38  Marine x5  
  117  8:39  Supply Depot  
  125  8:51  Marine x2  
  125  8:53  Marauder x2  
  125  8:54  Thor  
  137  8:56  Marine x3  
  137  9:02  Marine x4  
  143  9:06  Supply Depot  
  143  9:09  Medivac x2  
  147  9:10  Widow Mine  
  149  9:19  Supply Depot  
  149  9:20  Refinery, Supply Depot  
  149  9:27  Marine x3  
  152  9:35  Marine x5  
  152  9:37  Drilling Claws  
  157  9:40  Thor, Marine x2  
  160  9:48  Marine, Supply Depot  
  160  9:49  Marauder  
  160  9:52  Widow Mine x2  
  162  9:55  Medivac x2  
  162  9:58  Marine x3  
  162  9:59  Marauder  
  162  10:06  Missile Turret  
  162  10:07  Missile Turret  
  162  10:09  Missile Turret  
  162  10:11  Missile Turret  
  162  10:13  Missile Turret x2  
  162  10:15  Marine x3  
  162  10:16  Marine x2  
  162  10:20  Supply Depot  
  167  10:25  Thor  
  167  10:27  Marauder  
  175  10:30  Widow Mine x2  
  175  10:34  Marauder  
  181  10:41  Medivac x2  
  185  10:45  Marine x3  
  185  10:47  Supply Depot x2  
  185  10:49  Marine  
  189  11:04  Marine  
  189  11:05  Marine  
  189  11:07  Marine  
  189  11:08  Marauder x2  
  176  11:15  Marine x5  
  176  11:17  Thor  
  183  11:21  Marine  
  183  11:22  Marine  
  183  11:25  Terran Infantry Weapons Level 3  
  183  11:28  Terran Infantry Armor Level 3  
  183  11:36  Marauder x2, Marine x2  
  189  11:46  Marauder  
  191  11:47  Marine  
  191  11:50  Medivac  
  194  11:57  Marauder x2  
  194  12:00  Marine x7  
  154  12:10  Marauder  
  154  12:18  Marauder  
  154  12:21  Thor  
  154  12:22  Widow Mine  
  156  12:23  Widow Mine  
  158  12:42  Marauder x2  
  158  12:43  Marauder  
  163  12:48  Marine  
  163  12:50  Medivac, Widow Mine  
  163  12:51  Marine x2, Widow Mine  
  143  12:55  Concussive Shells  
  143  12:56  Marine  
  147  13:03  Marine x3  
  147  13:04  Widow Mine  
  147  13:05  Marine  
  153  13:14  Marine x4  
  153  13:19  Widow Mine  
  159  13:20  Marine  
  159  13:23  Orbital Command  
  157  13:29  Marine  
  157  13:30  Marine  
  130  13:39  Marine  
  130  13:40  Marine x2  
  127  13:41  Widow Mine  
  127  13:44  Marauder x3  
  130  13:52  Marine x4  
  130  13:53  Marine  
  131  13:56  Widow Mine  
  133  14:03  Medivac x2  
  133  14:04  Marine x3  
  144  14:10  Marine x3  
  144  14:12  Thor  
  144  14:16  Marauder  
  149  14:17  Marauder, Missile Turret  
  149  14:20  Marine x3  
  149  14:22  Marine x3  
  156  14:28  Marine  
  154  14:33  Marine  
  154  14:35  SCV  
  152  14:39  Marine  
  152  14:41  SCV  
  152  14:43  Reaper  
  152  14:44  Marauder x2  
  154  14:45  Widow Mine x2  
  154  14:51  Medivac x2  
  154  14:52  Marine x5  
  161  14:56  Marauder  
  161  14:58  Widow Mine  
  161  14:59  Marine  
  166  15:06  Marauder  
  170  15:07  Marauder  
  170  15:16  Marine x6  
  170  15:17  Widow Mine x2  
  170  15:18  Liberator x2, Marine  
  170  15:19  Marine x2  
  183  15:26  Marine  
  183  15:28  Widow Mine  
  184  15:29  Marauder  
  194  15:40  Marine  
  194  15:41  Marine x2  
  190  15:46  Widow Mine  
  190  15:47  Marauder x2  
  195  15:53  Widow Mine  
  195  15:56  Widow Mine  
  192  16:14  Marauder x3, Marine x2  
  192  16:17  Orbital Command  
  195  16:19  Marine  
  156  16:35  Marauder x3  
  156  16:37  Marine  
  156  16:39  Marine  
  160  16:40  Marine  
  149  16:57  Marauder x2  
  149  17:00  Marine x3  
  152  17:07  Medivac  
  154  17:24  Marine  
  154  17:25  Marauder, Marine  
  98  17:37  Marine x2  
  98  17:38  Medivac  
  98  17:39  Medivac  
  98  17:40  Marine x5  
  105  17:47  Widow Mine x2  
  105  17:48  Widow Mine  
  111  17:54  Refinery  
  111  17:55  Marauder  
  113  17:59  Marine x4  
  113  18:05  Marine x2  
  118  18:06  SCV  
  118  18:12  Marine  
  104  18:25  Widow Mine  
  99  18:30  Widow Mine  
  101  18:35  SCV  
  102  18:42  Medivac  
  102  18:47  Widow Mine  
  106  18:49  SCV x2  
  106  18:55  Marauder x2  
  109  18:59  Medivac  
  109  19:00  Marine  
  112  19:05  Marauder, Marine  
  112  19:06  Marine  
  112  19:09  Widow Mine  
  116  19:10  Widow Mine  
  116  19:16  Marauder  
  119  19:37  Marauder x2  
  119  19:38  Marauder, Marine  
  107  19:45  Marine x7  
Show
View Real Time Build Order
Export as new Build Order

Zanster Zerg - Winner!

Build Orders: Hatch First, Muta Ling Bane 

Get SALT Encoding   

  12  0:00  Drone  
  13  0:12  Overlord  
  13  0:17  Drone  
  14  0:30  Drone x2  
  14  0:34  Drone  
  17  0:52  Hatchery  
  17  0:55  Drone  
  17  0:58  Drone  
  18  1:09  Extractor  
  17  1:13  Spawning Pool  
  17  1:16  Drone  
  17  1:19  Drone  
  18  1:28  Drone  
  19  1:39  Drone  
  20  1:49  Overlord  
  20  2:00  Queen  
  22  2:04  Queen  
  22  2:05  Zergling x4  
  26  2:09  Metabolic Boost  
  26  2:14  Zergling x2  
  27  2:16  Drone  
  28  2:33  Hatchery  
  28  2:34  Drone  
  28  2:38  Drone  
  28  2:41  Drone  
  30  2:46  Zergling x4  
  31  2:52  Drone  
  31  2:55  Overlord  
  32  3:00  Queen  
  34  3:07  Zergling x4  
  35  3:19  Zergling x8  
  39  3:22  Zergling x2  
  40  3:29  Zergling x2  
  41  3:35  Queen  
  43  3:43  Overlord  
  43  3:45  Queen  
  45  3:51  Zergling x2  
  45  3:52  Zergling x6  
  48  4:03  Zergling x14  
  55  4:15  Zergling x6  
  54  4:20  Drone x2  
  54  4:21  Drone  
  54  4:26  Drone  
  54  4:27  Drone x3  
  58  4:38  Drone  
  58  4:49  Overlord  
  58  4:50  Overlord  
  58  4:56  Evolution Chamber  
  58  4:59  Drone  
  58  5:01  Overlord  
  58  5:02  Evolution Chamber, Drone  
  58  5:09  Drone x5  
  58  5:10  Drone x4  
  58  5:13  Drone  
  68  5:15  Drone  
  68  5:16  Drone  
  68  5:19  Drone  
  68  5:20  Drone  
  72  5:22  Drone  
  73  5:28  Zerg Melee Weapons Level 1  
  73  5:30  Extractor  
  73  5:32  Drone x4  
  76  5:37  Zerg Ground Armor Level 1  
  76  5:38  Drone  
  76  5:41  Drone  
  76  5:42  Drone  
  79  5:43  Drone  
  79  5:44  Drone  
  79  5:45  Drone  
  79  5:49  Overlord  
  82  5:58  Overlord x2  
  82  6:04  Lair  
  82  6:05  Extractor  
  82  6:06  Drone  
  82  6:08  Baneling Nest  
  82  6:11  Hatchery, Drone x3  
  80  6:12  Drone x2  
  80  6:14  Drone  
  80  6:17  Zergling x6  
  80  6:18  Zergling x2  
  89  6:21  Zergling x2  
  89  6:22  Zergling x2  
  89  6:24  Overlord  
  91  6:29  Zergling x10  
  91  6:32  Zergling x6  
  98  6:33  Zergling x2  
  98  6:35  Zergling x4  
  100  6:51  Overlord  
  98  6:56  Drone x4  
  98  6:57  Drone x4  
  98  6:58  Extractor, Baneling x5  
  98  7:01  Hatchery  
  101  7:03  Drone  
  101  7:04  Drone x5  
  105  7:09  Queen  
  105  7:11  Centrifical Hooks  
  105  7:12  Extractor  
  105  7:15  Drone x2  
  108  7:17  Extractor  
  108  7:19  Zergling x8  
  108  7:22  Overlord  
  107  7:24  Zerg Melee Weapons Level 2  
  107  7:28  Zergling x2  
  107  7:29  Zergling x10  
  113  7:36  Overlord  
  113  7:42  Spire  
  112  7:48  Zergling x2  
  112  7:49  Hatchery, Zergling x12  
  112  7:50  Zergling x4  
  119  7:53  Overlord  
  119  8:01  Zergling x4  
  119  8:02  Zergling x8  
  123  8:08  Overlord  
  123  8:09  Zergling x2  
  123  8:10  Zergling x6  
  125  8:24  Zergling x2  
  125  8:25  Zergling x16  
  131  8:31  Queen  
  131  8:33  Baneling, Overlord  
  131  8:34  Baneling x5  
  132  8:35  Overseer, Zerg Ground Armor Level 2  
  132  8:40  Drone x6  
  136  8:45  Drone  
  136  8:46  Drone x4  
  137  8:50  Overlord  
  137  8:53  Zergling x2  
  137  8:54  Zergling x6  
  136  9:00  Spore Crawler  
  136  9:02  Mutalisk x6  
  124  9:08  Mutalisk x2  
  136  9:12  Mutalisk x2  
  138  9:18  Mutalisk  
  138  9:23  Zergling x20  
  147  9:33  Baneling x6  
  147  9:35  Zergling x12  
  147  9:36  Zergling x2  
  147  9:38  Overlord  
  151  9:46  Zergling x8  
  155  9:55  Drone  
  155  9:56  Drone x4  
  160  10:00  Zerg Flyer Weapons Level 1  
  160  10:04  Extractor, Zergling x2  
  160  10:05  Zergling x18  
  169  10:09  Baneling x4  
  169  10:10  Baneling x10  
  169  10:16  Overlord  
  169  10:20  Infestation Pit, Mutalisk x3  
  174  10:24  Extractor, Drone  
  174  10:25  Drone  
  175  10:31  Overlord  
  175  10:33  Zergling x14  
  175  10:35  Overlord x2  
  182  10:43  Baneling x6  
  182  10:49  Zergling x2  
  183  10:50  Zergling x14  
  183  10:53  Overlord  
  186  10:58  Zergling x8  
  184  11:15  Zergling x14  
  184  11:16  Zergling x18  
  197  11:26  Hive  
  197  11:28  Zergling x4  
  199  11:37  Overseer  
  199  11:38  Overseer, Pneumatized Carapace  
  199  11:41  Baneling x7  
  199  11:42  Baneling x11  
  199  11:43  Baneling x5  
  199  11:44  Baneling x2  
  199  11:50  Zergling x10  
  199  12:00  Zergling x18  
  146  12:09  Zergling x8  
  146  12:10  Zergling x16  
  146  12:14  Queen x2  
  160  12:21  Zergling x2  
  160  12:22  Zergling x8  
  151  12:24  Baneling x6  
  151  12:25  Baneling x2  
  151  12:26  Baneling x12  
  151  12:29  Zergling x2  
  156  12:30  Zergling x20  
  156  12:34  Zergling x4  
  163  12:40  Zergling x4  
  163  12:43  Zergling x2  
  163  12:51  Zergling x10  
  147  12:57  Baneling x5  
  147  12:58  Baneling x4  
  144  13:01  Zerg Ground Armor Level 3, Zerg Melee Weapons Level 3, Adrenal Glands  
  144  13:02  Zergling x20  
  144  13:03  Ultralisk Cavern  
  144  13:04  Hatchery  
  152  13:05  Baneling  
  152  13:06  Baneling x8  
  152  13:07  Zergling x6  
  154  13:26  Hatchery  
  150  13:30  Zergling x24  
  150  13:31  Zergling x10  
  137  13:57  Ultralisk x4  
  137  14:02  Overseer  
  158  14:04  Overseer  
  158  14:06  Ultralisk  
  164  14:15  Baneling  
  164  14:16  Baneling x10  
  164  14:22  Zergling x12  
  170  14:29  Zergling x2  
  170  14:30  Zergling x10  
  174  14:34  Drone x3  
  160  14:39  Drone x4  
  160  14:41  Drone  
  160  14:43  Drone x2  
  160  14:45  Drone  
  161  14:57  Mutalisk x4  
  169  15:02  Zerg Flyer Armor Level 1  
  169  15:11  Spine Crawler  
  169  15:12  Drone x2  
  170  15:14  Ultralisk  
  170  15:17  Chitinous Plating  
  176  15:30  Ultralisk, Zergling x10  
  187  15:37  Baneling x6  
  187  15:38  Baneling x3  
  182  15:52  Hatchery  
  182  15:55  Ultralisk, Zergling x4  
  188  15:57  Overlord  
  188  16:02  Overlord  
  188  16:09  Burrow  
  185  16:12  Pathogen Glands  
  183  16:22  Ultralisk x2, Zergling x10  
  164  16:29  Zergling x2  
  164  16:30  Zergling x10  
  146  16:39  Zergling x2  
  139  16:40  Zergling x14  
  139  16:42  Overseer  
  139  16:44  Baneling x4  
  139  16:46  Baneling x3  
  139  16:47  Baneling  
  146  16:52  Baneling  
  146  16:53  Baneling x4  
  144  16:54  Zergling x4  
  144  16:58  Baneling x3  
  144  17:00  Baneling  
  144  17:01  Baneling x6  
  137  17:10  Corruptor x2  
  137  17:15  Drone x3  
  142  17:16  Extractor  
  142  17:17  Extractor  
  132  17:27  Zergling x2  
  132  17:28  Zergling x18  
  126  17:32  Corruptor  
  125  17:41  Infestor x2  
  129  17:46  Extractor  
  128  17:51  Zergling x6  
  128  17:52  Zergling x20  
  140  18:02  Overseer  
  140  18:05  Corruptor  
  140  18:06  Corruptor x2  
  140  18:10  Overlord  
  145  18:17  Corruptor x2  
  144  18:30  Infestor  
  144  18:31  Infestor  
  145  18:43  Hatchery  
  145  18:44  Zergling x16  
  145  18:45  Greater Spire  
  152  18:54  Baneling x4  
  150  19:22  Hatchery  
  149  19:25  Ultralisk x2, Zergling x6  
  149  19:26  Zergling x8  
  149  19:28  Baneling x4  
  166  19:36  Zergling x2  
  166  19:37  Zergling x18  
Tags
 
Add a new tag
Caveats
  • Supply blocks, unpowered buildings, or Contaminate may cause inaccurate times.
  • Supply counts are checked every 10 seconds.